 Dungeon Crawl Stone Soup version 0.27-a0-249-g74f53ef629 (webtiles) character file.

Game seed: 8162905309597268484

43005 mortress the Unseen (level 13, -10/103 HPs)
             Began as a Felid Berserker on Feb 3, 2021.
             Was an Elder of Trog.
             Mangled by a deep elf blademaster
             ... wielding a +0 rapier
              (20 damage)
             ... on level 2 of the Elven Halls.
             The game lasted 01:42:48 (39853 turns).

mortress the Unseen (Felid Berserker)              Turns: 39853, Time: 01:42:49

Health: -10/103    AC:  3    Str: 17    XL:     13   Next: 88%
Magic:  23/23      EV: 33    Int: 10    God:    Trog [****..]
Gold:   1920       SH:  0    Dex: 22    Spells: 12/12 levels left
                                        Lives:  0   Deaths: 4

rFire    + . .     SeeInvis +     - Unarmed
rCold    + + .     Faith    .   (shield unavailable)
rNeg     . . .     Spirit   .   (armour unavailable)
rPois    .         Reflect  .   (helmet unavailable)
rElec    .         Harm     .   (cloak unavailable)
rCorr    .         Rampage  .   (gloves unavailable)
Will     +....                  (boots unavailable)
Stlth    ..........             n - amulet of the acrobat
HPRegen  0.27/turn              F - ring "Dishoakirgh" {*Drain rC+ MP+9 Str+2 Int+2 Dex+3}
MPRegen  0.18/turn              C - ring of protection from fire

@: berserking, studying Stealth, very quick
A: very small, no armour, no weapons or thrown items, stealth, claws 1, fangs 3,
see invisible, speed 1, shaggy fur 3, sharp paws
a: Renounce Religion, Berserk, Trog's Hand, Brothers in Arms


You were on level 2 of the Elven Halls.
You worshipped Trog.
Trog was greatly pleased with you.
You visited 4 branches of the dungeon, and saw 22 of its levels.
You also visited: Bailey.

You collected 2542 gold pieces.
You spent 622 gold pieces at shops.

Inventory:

Jewellery
 n - an amulet of the acrobat (around neck)
 x - an uncursed ring of positive energy
 C - a ring of protection from fire (right paw)
 E - an uncursed ring of magical power
 F - the ring "Dishoakirgh" (left paw) {*Drain rC+ MP+9 Str+2 Int+2 Dex+3}
   (You found it on level 6 of the Lair of Beasts)

   [ring of protection from cold]

   It affects your strength (+2).
   It affects your intelligence (+2).
   It affects your dexterity (+3).
   It protects you from cold.
   It affects your magic capacity (+9).
   It causes draining when unequipped.
 J - an uncursed amulet of regeneration
Wands
 q - a wand of paralysis (38)
 v - a wand of random effects (90)
 w - a wand of flame (19)
 y - a wand of polymorph (15)
 z - a wand of charming (5)
 A - a wand of digging (4)
 D - a wand of acid (9)
 G - a wand of mindburst (6) (quivered)
 M - a wand of iceblast (8)
Scrolls
 c - 4 scrolls of identify
 d - 2 scrolls of teleportation
 e - a scroll of summoning
 g - 18 scrolls of remove curse
 k - 3 scrolls of fog
 o - a scroll of silence
 r - a scroll of magic mapping
 s - 2 scrolls of immolation
 t - a scroll of torment {unknown}
 L - a scroll of blinking
Potions
 a - 4 potions of flight
 b - 2 potions of brilliance
 f - 5 potions of might
 h - a potion of berserk rage
 i - 4 potions of lignification
 j - 4 potions of attraction
 l - 3 potions of curing
 m - 2 potions of mutation
 p - 2 potions of resistance
 u - 5 potions of magic
 B - a potion of haste
 H - 3 potions of heal wounds
 I - a potion of ambrosia
 K - a potion of invisibility


   Skills:
 * Level 15.1 Fighting
 + Level 14.2 Dodging
 + Level 18.3 Stealth
 * Level 15.0 Unarmed Combat
 + Level 11.4 Evocations


You had 12 spell levels left.
You didn't know any spells.
Your spell library was empty.

Dungeon Overview and Level Annotations

Branches:
Dungeon (12/15)            Temple (0/1) D:6            Lair (6/6) D:8
 Shoals (0/4) Lair:2       Spider (0/4) Lair:3        Slime (0/5) Lair:6
    Orc (2/2) D:12            Elf (2/3) Orc:2        Bailey (visited)

Altars:
Gozag
Nemelex Xobeh
Qazlal
Ru
Sif Muna
Uskayaw
Vehumet
Beogh
Jiyva

Shops:
D:7 *   Orc:1 :   Orc:2 *(((   Elf:1 [   Elf:2 :(?[

Portals:
Abyss: D:6

Annotations:
Lair:6 3 runed translucent doors, HendSelp's ghost, journeyman DsBe


Innate Abilities, Weirdness & Mutations

You cannot wear armour.
You are incapable of wielding weapons or throwing items.
Your paws allow you to move quietly. (Stealth)
You have sharp claws.
You have razor-sharp teeth.
You have supernaturally acute eyesight. (SInv)
You cover ground quickly.
Your thick and shaggy fur keeps you warm. (AC +3, rC+)
Your sharp claws are effective at attacking unaware monsters.


Message History

Your polar bear completely misses the deep elf blademaster.
Your polar bear closely misses the deep elf blademaster.
The deep elf blademaster hits your polar bear with a +0 rapier!
The deep elf blademaster barely misses your polar bear.
Your polar bear closely misses the deep elf blademaster.
Your polar bear claws the deep elf blademaster.
Your polar bear completely misses the deep elf blademaster.
You miss the deep elf blademaster.
The deep elf blademaster is heavily wounded.
The deep elf blademaster hits you with a +0 rapier.
The deep elf blademaster completely misses you.
You closely miss the deep elf blademaster.
The deep elf blademaster is heavily wounded.
Your polar bear misses the deep elf blademaster.
Your polar bear claws the deep elf blademaster but does no damage.
Your polar bear barely misses the deep elf blademaster.
The deep elf blademaster hits you with a +0 rapier!!
* * * LOW HITPOINT WARNING * * *
The deep elf blademaster hits you with a +0 rapier!!
You die...

#..### .. #....# ..# ##.. #..###
...###... #### ....#...#
.........## ### ...........##
#.# .........h...# #.## #
...........e@.# #..# #
...............# ####..# #
.............).'######≈≈≈).####
...............#'.'#§§§≈§≈.....#
...............##.'.....).))....
...............#'.'#≈≈§≈≈≈.....#
.....e..........'######≈≈≈..####
.................# ####..#
.................# #..#


You could see a deep elf blademaster and a friendly polar bear (summoned,
berserk).

Vanquished Creatures
  A deep elf sorcerer (Elf:1)
  A deep elf annihilator (Elf:1)
  2 deep elf death magi
  8 hydras
  3 two-headed ogres
  4 dancing weapons
  Urug (Lair:3)
  4 deep elf knights
  A skeletal warrior (D:11)
  6 deep elf archers
  21 deep elf pyromancers
  16 deep elf zephyrmancers
  2 ugly things
  2 orc knights
  A manticore (D:11)
  An orc sorcerer (Orc:1)
  Pikel (D:8)
  2 cyclopes
  13 elephants
  Joseph (D:8)
  4 black mambas
  13 cane toads
  A rime drake (Lair:5)
  A kobold demonologist (D:12)
  4 komodo dragons
  6 trolls
  6 polar bears
  7 hornets
  5 slime creatures
  A dream sheep (Lair:6)
  17 blink frogs
  A water elemental (Elf:1)
  2 small abominations (D:6)
  41 yaks
  13 spriggans
  3 fire elementals (Elf:1)
  5 wyverns
  3 basilisks
  4 vampire mosquitoes (D:11)
  A soldier ant (D:12)
  3 wargs
  15 water moccasins
  9 black bears
  16 orc warriors
  2 sky beasts
  A necrophage (D:12)
  4 boggarts (Lair:6)
  10 ogres
  6 centaurs
  An eye of draining (D:11)
  39 wolves
  3 phantoms
  4 big kobolds
  21 bullfrogs
  A gnoll sergeant (D:5)
  A water moccasin zombie (D:7)
  A wyvern skeleton (D:10)
  4 scorpions
  9 killer bees
  The ghost of Snicker the Sneak, a weakling DsDe (D:6)
  6 wights
  5 howler monkeys
  3 centaur zombies
  A quasit (D:8)
  A bullfrog zombie (D:6)
  2 hounds
  3 jellies
  8 orc priests
  A bullfrog skeleton (D:8)
  6 iguanas
  Crazy Yiuf (D:2)
  An iron imp (D:6)
  Ijyb (D:3)
  Terence (D:2)
  22 orc wizards
  2 worker ants
  A killer bee zombie (D:9)
  A hound zombie (D:5)
  A hound skeleton (D:10)
  11 gnolls
  15 adders
  2 shadow imps
  2 white imps (D:8)
  2 ufetubi
  An ooze (D:1)
  An adder zombie (D:6)
  2 adder skeletons (D:6)
  3 worms
  A dart slug (D:2)
  6 leopard geckos
  56 orcs
  3 bats
  6 giant cockroaches
  14 goblins
  12 hobgoblins
  16 jackals
  5 quokkas
  2 ball pythons
  7 frilled lizards
  34 kobolds
  A leopard gecko skeleton (D:4)
  8 rats
657 creatures vanquished.

Vanquished Creatures (collateral kills)
  Gastronok (Lair:1)
  A deep elf demonologist (Elf:1)
  5 dancing weapons
  4 deep elf knights
  2 skeletal warriors (D:11)
  2 deep elf archers
  2 orc knights (Orc:2)
  6 deep elf zephyrmancers
  8 deep elf pyromancers
  2 cane toads (Lair:2)
  A rime drake (Lair:2)
  A komodo dragon (Lair:5)
  A blink frog (Lair:2)
  A hornet (D:11)
  An air elemental (Elf:1)
  A fire elemental (Elf:2)
  A basilisk (Lair:2)
  A water moccasin (Lair:2)
  22 orc warriors
  5 centaurs (Orc:2)
  2 ogres
  A bullfrog (Lair:2)
  An orc priest (Orc:1)
  4 orc wizards
  15 orcs
91 creatures vanquished.

Vanquished Creatures (others)
  A water elemental (Elf:2)
  An air elemental (Elf:2)
  A bush (Lair:5)
  66 fungi
  72 plants
141 creatures vanquished.

Grand Total: 889 creatures vanquished

Notes
Turn   | Place    | Note
-------+----------+-------------------------------------------
     0 | D:1      | mortress the Felid Berserker began the quest for the Orb.
     0 | D:1      | Reached XP level 1. HP: 10/10 MP: 2/2
   440 | D:1      | Reached skill level 1 in Stealth
   440 | D:1      | Reached XP level 2. HP: 7/14 MP: 3/3
  1259 | D:1      | Reached XP level 3. HP: 11/17 MP: 4/4
  1715 | D:2      | Reached ** piety under Trog
  1748 | D:2      | Found a hide-covered altar of Uskayaw.
  1814 | D:2      | Reached XP level 4. HP: 16/22 MP: 5/5
  2037 | D:2      | Reached skill level 2 in Stealth
  2497 | D:2      | Noticed Terence
  2506 | D:2      | Killed Terence
  2519 | D:2      | Found a runed translucent door.
  2520 | D:2      | Noticed Crazy Yiuf
  2609 | D:2      | Found a shimmering blue altar of Sif Muna.
  2684 | D:2      | Killed Crazy Yiuf
  2685 | D:2      | Reached XP level 5. HP: 25/25 MP: 6/6
  2989 | D:3      | Noticed an ogre
  3010 | D:3      | Killed an ogre
  3011 | D:3      | Reached skill level 5 in Dodging
  3011 | D:3      | Reached skill level 3 in Stealth
  3418 | D:3      | Found an opulent altar of Gozag.
  3444 | D:3      | Gained mutation: You are covered in thick fur. (AC +2)
                  | [Felid growth]
  3444 | D:3      | Reached XP level 6. HP: 25/29 MP: 7/7
  3881 | D:3      | Noticed Ijyb
  3903 | D:3      | Killed Ijyb
  3965 | D:3      | Reached skill level 5 in Unarmed Combat
  3967 | D:3      | Reached skill level 5 in Fighting
  4203 | D:4      | Reached *** piety under Trog
  4240 | D:4      | Reached skill level 4 in Stealth
  4240 | D:4      | Reached XP level 7. HP: 33/33 MP: 8/8
  4892 | D:5      | Entered Level 5 of the Dungeon
  4896 | D:5      | Found a sparkling altar of Nemelex Xobeh.
  5569 | D:5      | Reached skill level 1 in Evocations
  6644 | D:6      | Found a transporter.
  6647 | D:6      | Noticed a small abomination
  6658 | D:6      | Reached XP level 8. HP: 38/38 MP: 9/9
  6730 | D:6      | Reached skill level 5 in Stealth
  6803 | D:6      | Found a stormy altar of Qazlal.
  6805 | D:6      | Found a shimmering blue altar of Sif Muna.
  7245 | D:6      | Found a staircase to the Ecumenical Temple.
  7605 | D:6      | Found a one-way gate to the infinite horrors of the Abyss.
  7605 | D:6      | Noticed Snicker's ghost (weakling DsDe)
  7642 | D:6      | Found a transporter.
  7720 | D:6      | Reached skill level 6 in Stealth
  7768 | D:6      | Killed Snicker's ghost
  7769 | D:6      | Reached XP level 9. HP: 43/43 MP: 10/10
  8041 | D:7      | Found a sacrificial altar of Ru.
  8364 | D:7      | Found Bitox's General Store.
  8426 | D:8      | Reached **** piety under Trog
  8536 | D:8      | Noticed Pikel
  8604 | D:8      | Killed Pikel
  8605 | D:8      | Reached skill level 7 in Stealth
  9111 | D:8      | Found a staircase to the Lair.
  9111 | D:8      | Noticed an elephant
  9263 | D:8      | Noticed Joseph
 10376 | D:8      | Killed an elephant
 10377 | D:8      | Reached XP level 10. HP: 49/49 MP: 11/11
 10650 | D:8      | Reached skill level 5 in Evocations
 10654 | D:8      | Reached skill level 8 in Stealth
 11066 | D:8      | Found a staircase to the Lair.
 11093 | D:8      | Slain by Joseph
 11094 | D:8      | Reached XP level 9. HP: -2/67 MP: 10/10
 11510 | D:8      | Killed Joseph
 12181 | D:9      | Noticed a two-headed ogre
 12324 | D:9      | Killed a two-headed ogre
 12692 | D:9      | Noticed a two-headed ogre
 12697 | D:9      | Killed a two-headed ogre
 12698 | D:9      | Reached skill level 9 in Stealth
 12698 | D:9      | Reached XP level 10. HP: 49/49 MP: 11/11
 13297 | D:9      | Paralysed by a hornet for 2 turns
 13298 | D:9      | Slain by a hornet
 13299 | D:9      | Reached XP level 9. HP: -3/69 MP: 10/10
 13663 | D:9      | Noticed a troll
 13678 | D:9      | Killed a troll
 14055 | D:10     | Entered Level 10 of the Dungeon
 14186 | D:10     | Noticed a cyclops
 14510 | Lair:1   | Entered Level 1 of the Lair of Beasts
 14566 | Lair:1   | Identified a scroll of acquirement
 14566 | Lair:1   | Acquired a manual of Stealth
 14898 | Lair:1   | Noticed a polar bear
 14902 | Lair:1   | Killed a polar bear
 15210 | Lair:1   | Reached skill level 10 in Fighting
 15279 | Lair:1   | Reached XP level 10. HP: 51/51 MP: 11/11
 15283 | Lair:1   | Reached skill level 10 in Unarmed Combat
 15337 | Lair:1   | Noticed an eight-headed hydra
 15725 | Lair:1   | Reached skill level 10 in Stealth
 15836 | Lair:1   | HP: 2/51 [blink frog (15)]
 16299 | Lair:1   | Reached skill level 10 in Dodging
 16668 | Lair:1   | Noticed a cane toad
 16675 | Lair:1   | Killed a cane toad
 16757 | Lair:1   | Noticed Gastronok
 16773 | Lair:1   | Killed Gastronok
 17064 | Lair:1   | Noticed a cane toad
 17073 | Lair:1   | Killed a cane toad
 17074 | Lair:1   | Reached XP level 11. HP: 55/55 MP: 12/12
 17213 | Lair:1   | Reached skill level 11 in Stealth
 17624 | Lair:1   | Killed an eight-headed hydra
 17944 | Lair:2   | You fall into a shaft and drop 1 floor!
 18213 | Lair:2   | You fall into a shaft and drop 1 floor!
 18226 | Lair:3   | You fall into a shaft and drop 3 floors!
 18226 | Lair:6   | Entered Level 6 of the Lair of Beasts
 18230 | Lair:6   | Noticed a spriggan rider
 18235 | Lair:6   | Noticed a spriggan rider
 18860 | Lair:3   | Noticed Urug
 18864 | Lair:3   | Killed Urug
 18865 | Lair:3   | Reached skill level 12 in Stealth
 18952 | Lair:2   | Found a staircase to the Shoals.
 19846 | Lair:3   | Gained mutation: Your thick and shaggy fur keeps you warm.
                  | (AC +3, rC+) [Felid growth]
 19846 | Lair:3   | Reached XP level 12. HP: 60/60 MP: 13/13
 19902 | Lair:3   | Noticed a seven-headed hydra
 20085 | Lair:3   | Killed a seven-headed hydra
 20474 | Lair:3   | Reached skill level 13 in Stealth
 20598 | Lair:3   | Found a hole to the Spider Nest.
 20710 | Lair:3   | Noticed a five-headed hydra
 20720 | Lair:3   | Killed a five-headed hydra
 21524 | Lair:4   | Noticed a five-headed hydra
 22171 | Lair:4   | Killed a five-headed hydra
 22626 | Lair:4   | Reached ***** piety under Trog
 23147 | Lair:4   | Reached skill level 14 in Stealth
 24289 | Lair:5   | Noticed a four-headed hydra
 24309 | Lair:5   | Killed a four-headed hydra
 24948 | Lair:5   | Reached XP level 13. HP: 65/65 MP: 14/14
 26627 | Lair:6   | Found a viscous altar of Jiyva.
 26627 | Lair:6   | Found a staircase to the Slime Pits.
 26774 | Lair:6   | Reached skill level 15 in Stealth
 27164 | Lair:6   | Paralysed by a hornet for 1 turns
 27300 | Lair:6   | Got a shimmering amber ring
 27302 | Lair:6   | Identified the ring "Dishoakirgh" {*Drain rC+ MP+9 Str+2
                  | Int+2 Dex+3} (You found it on level 6 of the Lair of
                  | Beasts)
 28344 | Lair:6   | Noticed HendSelp's ghost (journeyman DsBe)
 28349 | Lair:6   | Noticed a minotaur
 28369 | Lair:6   | Found a runed translucent gate.
 28369 | Lair:6   | Found a runed translucent gate.
 28369 | Lair:6   | Found a runed translucent gate.
 28385 | Lair:6   | Identified the +0 trident "Cimiekk" {flame, rElec Dex+2}
 28469 | Lair:6   | Paralysed by a hornet for 1 turns
 29690 | D:10     | Paralysed by a hornet for 1 turns
 30020 | D:11     | Found a flagged portal.
 30041 | Bailey   | Entered a bailey
 30135 | Bailey   | Reached ****** piety under Trog
 30217 | Bailey   | Identified the +6 falchion of Fixation {vorpal, *Corrode
                  | rPois Will+ Int+5}
 30909 | D:11     | Reached skill level 10 in Evocations
 31291 | D:11     | Reached XP level 14. HP: 70/70 MP: 15/15
 31645 | D:11     | Reached skill level 16 in Stealth
 34112 | D:12     | Found a staircase to the Orcish Mines.
 34422 | Orc:1    | Entered Level 1 of the Orcish Mines
 34453 | Orc:1    | Found Jiycu's Book Boutique.
 34454 | Orc:1    | You fall into a shaft and drop 1 floor!
 34454 | Orc:2    | Entered Level 2 of the Orcish Mines
 36229 | Orc:2    | Found a roughly hewn altar of Beogh.
 36238 | Orc:2    | Found a staircase to the Elven Halls.
 36451 | Orc:2    | Found Eschetaf's Weapon Shoppe.
 36451 | Orc:2    | Found Wextoviu's Weapon Boutique.
 36453 | Orc:2    | Found Zaelaall's Weapon Shop.
 36455 | Orc:2    | Found Bujuett's General Store.
 36467 | Orc:2    | Bought a potion of heal wounds for 85 gold pieces
 36467 | Orc:2    | Bought a wand of mindburst (15) for 323 gold pieces
 36773 | Elf:1    | Entered Level 1 of the Elven Halls
 36809 | Elf:1    | Found a radiant altar of Vehumet.
 37018 | Elf:1    | Reached skill level 17 in Stealth
 37293 | Elf:1    | Slain by a +1 vorpal battleaxe
 37294 | Elf:1    | Reached XP level 13. HP: 0/100 MP: 23/23
 37624 | Elf:1    | Noticed a deep elf death mage
 37636 | Elf:1    | Killed a deep elf death mage
 37637 | Elf:1    | Reached XP level 14. HP: 64/72 MP: 15/15
 37802 | Elf:1    | Noticed a deep elf sorcerer
 37812 | Elf:1    | Killed a deep elf sorcerer
 37813 | Elf:1    | Identified the Tome of Oozing Pus
 37842 | Elf:1    | Found Neuddoerch's Antique Armour Boutique.
 38568 | Elf:2    | Killed from afar by a deep elf death mage
 38569 | Elf:2    | Reached XP level 13. HP: -2/61 MP: 23/23
 38577 | Elf:2    | Killed a deep elf death mage
 38847 | Elf:2    | Found Ehudoit's Armour Boutique.
 39050 | Elf:2    | Found Xegem's Magic Scroll Shop.
 39061 | Elf:2    | Bought a scroll of identify for 26 gold pieces
 39061 | Elf:2    | Bought a scroll of identify for 26 gold pieces
 39061 | Elf:2    | Bought a scroll of identify for 26 gold pieces
 39061 | Elf:2    | Bought a scroll of teleportation for 39 gold pieces
 39061 | Elf:2    | Bought a scroll of blinking for 97 gold pieces
 39140 | Elf:2    | Found Naovur's Book Shoppe.
 39173 | Elf:2    | Found Heyfyzodia's Weapon Shoppe.
 39183 | Elf:2    | Reached skill level 18 in Stealth
 39255 | Elf:2    | Reached skill level 15 in Fighting
 39258 | Elf:2    | Reached skill level 15 in Unarmed Combat
 39457 | Elf:2    | Found a runed translucent gate.
 39457 | Elf:2    | Found a runed translucent gate.
 39457 | Elf:2    | Found a runed translucent gate.
 39558 | Elf:2    | Noticed a deep elf blademaster
 39853 | Elf:2    | Mangled by a deep elf blademaster

Illustrated notes

Levels and vault maps discovered:
D:1:      minmay_arrival_shattered_statue, layout_rooms, minmay_cupped
D:2:      layout_rooms, old_standard_altar, led_sif_pool,
          uniq_crazy_yiuf_cottage, uniq_terence
D:3:      layout_rooms, old_standard_altar, nicolae_underground_beach, uniq_ijyb
D:4:      layout_rooms
D:5:      layout_gridville, nemelex_xobeh_ov_fountains_minmay,
          minmay_fountain_box, kennysheep_generic_room_4
D:6:      layout_loops_cross, nicolae_overflow_hidden_temple,
          minmay_temple_entry_enclosed_plants, gammafunk_ghost_abyssal_escape
D:7:      layout_basic, general_overflow_altar, serial_shops,
          nicolae_shop_statue_plus
D:8:      layout_loops_cross, david_lair_generic,
          chequers_serial_rivers_micro_b, uniq_joseph, uniq_pikel
D:9:      layout_grid_maze
D:10:     layout_long_grid
D:11:     layout_loops_corners, enter_bailey_5, corexii_hall_statues_t
D:12:     layout_basic, orc_0_dummy
Lair:1:   layout_regular_city, uniq_gastronok
Lair:2:   layout_big_grid, elwin_shoals_entry_rocks
Lair:3:   layout_regular_city, spider_nest_entry_web_field, minivault_24,
          grunt_megastairs_2, serial_bayou_shore_b, uniq_urug, uniq_rupert
Lair:4:   layout_big_grid, serial_bayou_shore_a, grunt_megastairs_3
Lair:5:   layout_hall_layers
Lair:6:   minmay_lair_end_enchanted_forest, layout_cave_pods, slime_altar_1,
          maelrawn_ghost_gauntlet_escape, infiniplex_staircase_pool
Orc:1:    layout_caves, serial_shops, shop
Orc:2:    st_orc_rangers, layout_diamond_mine, basic_altar,
          nicolae_orc_sculptors_studio
Elf:1:    eino_elf_arrival_altar, layout_geoelf_octagon, serial_shops,
          nicolae_shop_waterfront, minmay_elf_sorcery
Elf:2:    layout_geoelf_octagon, serial_shops, shop, shop_statue, shop_statue,
          shop

Skill      XL: |  1  2  3  4  5  6  7  8  9 10 11 12 13 14 |
---------------+-------------------------------------------+-----
Stealth        | 1 2 3 4 6 9 10 12 14 18 17 | 18.3
Fighting       | 4 5 6 7 10 11 12 15 14 | 15.1
Unarmed Combat | 4 5 6 7 9 10 11 12 15 14 | 15.0
Dodging        | 5 6 7 9 10 11 14 13 | 14.2
Evocations     | 1 3 4 7 8 9 10 11 | 11.4

Action                   |  1- 3 |  4- 6 |  7- 9 | 10-12 | 13-15 || total
-------------------------+-------+-------+-------+-------+-------++-------
Melee: Unarmed           |    88 |   143 |   379 |   507 |   885 ||  2002
       Bite              |     8 |    15 |    43 |    68 |   129 ||   263
       Punch             |       |     1 |    13 |    36 |    69 ||   119
Invok: Berserk           |     5 |    10 |    34 |    38 |    39 ||   126
       Trog's Hand       |     2 |     1 |     4 |     1 |     1 ||     9
       Brothers in Arms  |       |       |       |     7 |    27 ||    34
Evoke: Wand              |       |       |     8 |     7 |    41 ||    56
  Use: Potion            |       |       |     1 |     7 |     3 ||    11
       Scroll            |       |       |    22 |    14 |     5 ||    41
 Stab: Sleeping          |     2 |     8 |    24 |    17 |    30 ||    81
       Distracted        |       |     1 |     3 |     2 |     8 ||    14
       Paralysed         |       |       |     2 |       |       ||     2
Armor: Skin              |     7 |     3 |    15 |    11 |    21 ||    57
Dodge: Dodged            |    62 |    83 |   290 |   438 |  1033 ||  1906

Table legend: (Time is in decaauts)
 A = Elapsed time spent in this place.
 B = Non-inter-level travel time spent in this place.
 C = Inter-level travel time spent in this place.
 D = Time resting spent in this place.
 E = Time spent auto-exploring this place.
 F = Levels seen in this place.
 G = Mean time per level.
                   A        B        C        D        E       F      G
               +--------+--------+--------+--------+--------+-----+--------+
         Total |  37301 |  36318 |    983 |  19569 |  11458 |  23 | 1621.8 |
       Dungeon |  18217 |  17570 |    647 |   9300 |   6136 |  12 | 1518.1 |
          Lair |  13761 |  13508 |    253 |   7897 |   3587 |   6 | 2293.5 |
  Orcish Mines |   2142 |   2102 |     40 |    802 |    922 |   2 | 1071.0 |
   Elven Halls |   2827 |   2785 |     42 |   1522 |    700 |   2 | 1413.5 |
        Bailey |    352 |    352 |      0 |     47 |    110 |   1 |  352.0 |
               +--------+--------+--------+--------+--------+-----+--------+

Top non-repeatable levels by time:
  Lair:1: 3248 daAuts
     D:8: 2810 daAuts
  Lair:6: 2751 daAuts
    D:11: 2723 daAuts
  Lair:5: 2475 daAuts
  Lair:4: 2265 daAuts
     D:9: 2194 daAuts
  Lair:3: 2104 daAuts
     D:1: 1658 daAuts
   Elf:1: 1658 daAuts
     D:5: 1553 daAuts
   Orc:2: 1433 daAuts
     D:3: 1346 daAuts
     D:6: 1317 daAuts
   Elf:2: 1169 daAuts
